General information
- name: BNet
- type: Ladder team game (AT/RT)
- host: Battle.net
- saver: Liko
map: TwilightRuins
- players: 8
- length: 27:42
- speed: Fast
- version: 1.26 W3XP
- replay type: Public
» download(183 KB)
Players
team 1 (winner)
Liko (
purple | 89 APM | 2478 actions | 27:42)
6 Death Knight
2 Death Coil
3 Unholy Aura
1 Animate Dead
5 Dark Ranger
3 Silence
2 Life Drain
4 Pit Lord
2 Howl of Terror
2 Cleaving Attack
» actions
| Assign group hotkey | 50 | |
| Basic commands | 189 | |
| Build / train | 80 | |
| ESC pressed | 1 | |
| Enter build submenu | 25 | |
| Enter hero's abilities submenu | 15 | |
| Give item / drop item | 8 | |
| Right click | 725 | |
| Select / deselect | 516 | |
| Select group hotkey | 746 | |
| Use ability | 123 | |
2478 total
» units
| Acolyte | 8 | |
| Ghoul | 3 | |
| Crypt Fiend | 12 | |
| Goblin Zeppelin | 3 | |
| Frost Wyrm | 3 | |
29 total
» upgrades
| Burrow | 1 | |
| Web | 1 | |
| Creature Carapace | 2 | |
| Creature Attack | 1 | |
| Freezing Breath | 1 | |
6 total
» buildings
| Graveyard | 1 | |
| Crypt | 2 | |
| Altar of Darkness | 1 | |
| Ziggurat | 8 | |
| Tomb of Relics | 1 | |
| Halls of the Dead | 1 | |
| Black Citadel | 1 | |
| Necropolis | 1 | |
| Sacrificial Pit | 1 | |
| Nerubian Tower | 3 | |
| Boneyard | 1 | |
21 total
» build order
00:15 Graveyard
00:22 Crypt
00:28 Altar of Darkness
00:53 Ziggurat
01:23 Tomb of Relics
03:10 Ziggurat
04:55 Halls of the Dead
05:53 Ziggurat
05:59 Crypt
07:24 Black Citadel
07:28 Necropolis
13:12 Ziggurat
13:27 Ziggurat
13:32 Sacrificial Pit
14:10 Nerubian Tower
14:24 Nerubian Tower
20:28 Ziggurat
22:29 Boneyard
23:42 Ziggurat
23:44 Ziggurat
26:35 Nerubian Tower
» items
| Rod of Necromancy | 1 | |
| Sacrificial Skull | 3 | |
| Potion of Healing | 3 | |
| Potion of Mana | 1 | |
| Orb of Corruption | 5 | |
| Boots of Speed | 1 | |
| Scroll of Town Portal | 3 | |
| Potion of Lesser Invulnerability | 1 | |
18 total

»
28YearOldVirgin (
orange | 14 APM | 396 actions | 27:42)
» actions
| Basic commands | 7 | |
| Enter build submenu | 6 | |
| Right click | 25 | |
| Select / deselect | 348 | |
| Use ability | 8 | |
396 total
» buildings
» build order
00:32 Ancient of Wonders
00:33 Ancient of Wonders
00:34 Ancient of Wonders
00:37 Ancient of Wonders
00:38 Ancient of Wonders
Newport. (
yellow | 31 APM | 864 actions | 27:42)
6 Demon Hunter
3 Mana Burn
2 Evasion
1 Metamorphosis
6 Pandaren Brewmaster
3 Breath of Fire
2 Drunken Haze
1 Storm Earth and Fire
5 Pit Lord
3 Howl of Terror
1 Cleaving Attack
1 Doom
» actions
| Assign group hotkey | 9 | |
| Basic commands | 5 | |
| Build / train | 65 | |
| Enter build submenu | 14 | |
| Enter hero's abilities submenu | 17 | |
| Give item / drop item | 6 | |
| Remove unit from queue | 5 | |
| Right click | 372 | |
| Select / deselect | 278 | |
| Select group hotkey | 22 | |
| Use ability | 71 | |
864 total
» units
» upgrades
| Improved Bows | 1 | |
| Marksmanship | 1 | |
| Strength of the Moon | 1 | |
| Strength of the Wild | 2 | |
| Well Spring | 1 | |
| Reinforced Hides | 2 | |
8 total
» buildings
| Altar of Elders | 1 | |
| Moon Well | 6 | |
| Ancient of War | 1 | |
| Tree of Ages | 1 | |
| Ancient of Wonders | 1 | |
| Hunter's Hall | 1 | |
| Tree of Eternity | 1 | |
| Ancient of Lore | 2 | |
14 total
» build order
00:08 Altar of Elders
00:18 Moon Well
01:22 Ancient of War
01:29 Moon Well
03:22 Tree of Ages
04:03 Moon Well
05:09 Moon Well
05:15 Ancient of Wonders
05:33 Hunter's Hall
06:18 Tree of Eternity
09:02 Ancient of Lore
09:08 Ancient of Lore
11:12 Moon Well
13:35 Moon Well
» items
| Rod of Necromancy | 1 | |
| Staff of Preservation | 1 | |
| Orb of Venom | 1 | |
| Scroll of Town Portal | 4 | |
| Potion of Healing | 1 | |
8 total

»
never.win.never (
green | 75 APM | 2085 actions | 27:42)
7 Warden
3 Shadow Strike
3 Blink
1 Spirit of Vengeance
» actions
| Assign group hotkey | 35 | |
| Build / train | 120 | |
| Enter build submenu | 30 | |
| Enter hero's abilities submenu | 7 | |
| Give item / drop item | 3 | |
| Remove unit from queue | 7 | |
| Right click | 689 | |
| Select / deselect | 322 | |
| Select group hotkey | 813 | |
| Use ability | 59 | |
2085 total
» units
| Wisp | 49 | |
| Huntress | 8 | |
| Hippogryph | 17 | |
| Chimaera | 11 | |
85 total
» upgrades
| Strength of the Wild | 3 | |
| Strength of the Moon | 1 | |
| Moon Armor | 1 | |
| Reinforced Hides | 3 | |
| Corrosive Breath | 1 | |
| Well Spring | 1 | |
10 total
» buildings
| Moon Well | 9 | |
| Hunter's Hall | 1 | |
| Altar of Elders | 1 | |
| Ancient of War | 2 | |
| Ancient of Wonders | 1 | |
| Tree of Life | 3 | |
| Tree of Ages | 1 | |
| Tree of Eternity | 1 | |
| Ancient of Wind | 3 | |
| Ancient Protector | 4 | |
| Chimaera Roost | 3 | |
29 total
» build order
00:24 Moon Well
01:31 Hunter's Hall
01:47 Altar of Elders
01:55 Ancient of War
02:13 Moon Well
02:50 Ancient of War
02:59 Ancient of Wonders
03:17 Moon Well
05:14 Tree of Life
05:21 Moon Well
05:23 Tree of Ages
06:25 Moon Well
08:41 Tree of Eternity
09:05 Ancient of Wind
09:13 Moon Well
09:27 Ancient Protector
09:31 Ancient Protector
09:59 Ancient Protector
10:21 Ancient Protector
11:18 Ancient of Wind
11:22 Chimaera Roost
11:25 Chimaera Roost
11:39 Chimaera Roost
11:59 Moon Well
12:00 Moon Well
12:07 Ancient of Wind
13:51 Moon Well
16:44 Tree of Life
21:33 Tree of Life
» items
| Boots of Speed | 1 | |
| Potion of Lesser Invulnerability | 3 | |
| Dust of Appearance | 1 | |
| Orb of Venom | 1 | |
| Scroll of Town Portal | 1 | |
7 total
team 2 (loser)

»
Glourt (
red | 45 APM | 1139 actions | 25:10)
5 Blademaster
3 Wind Walk
2 Critical Strike
2 Firelord
1 Summon Lava Spawn
1 Soul Burn
» actions
| Assign group hotkey | 10 | |
| Basic commands | 7 | |
| Build / train | 59 | |
| Enter build submenu | 14 | |
| Enter hero's abilities submenu | 7 | |
| Give item / drop item | 1 | |
| Right click | 613 | |
| Select / deselect | 326 | |
| Select group hotkey | 12 | |
| Use ability | 90 | |
1139 total
» units
| Peon | 7 | |
| Grunt | 3 | |
| Raider | 18 | |
| Goblin Shredder | 1 | |
29 total
» upgrades
| Melee Weapons | 3 | |
| Armor | 2 | |
| Ensnare | 1 | |
| Pillage | 1 | |
7 total
» buildings
| Altar of Storms | 1 | |
| Orc Burrow | 6 | |
| Barracks | 1 | |
| Voodoo Lounge | 1 | |
| War Mill | 1 | |
| Stronghold | 1 | |
| Beastiary | 2 | |
| Fortress | 1 | |
14 total
» build order
00:11 Altar of Storms
00:15 Orc Burrow
00:31 Barracks
01:30 Voodoo Lounge
02:02 Orc Burrow
03:01 War Mill
03:19 Stronghold
06:05 Beastiary
06:10 Beastiary
06:32 Fortress
06:47 Orc Burrow
09:31 Orc Burrow
09:33 Orc Burrow
12:34 Orc Burrow
» items
| Healing Salve | 5 | |
| Lesser Clarity Potion | 2 | |
| Orb of Lightning | 1 | |
| Scroll of Town Portal | 2 | |
| Potion of Healing | 1 | |
| Boots of Speed | 1 | |
12 total

»
Shadow303 (
blue | 67 APM | 1762 actions | 26:08)
6 Mountain King
3 Storm Bolt
2 Bash
1 Avatar
» actions
| Assign group hotkey | 4 | |
| Basic commands | 98 | |
| Build / train | 86 | |
| ESC pressed | 7 | |
| Enter build submenu | 16 | |
| Enter hero's abilities submenu | 6 | |
| Give item / drop item | 5 | |
| Remove unit from queue | 1 | |
| Right click | 1196 | |
| Select / deselect | 256 | |
| Select group hotkey | 13 | |
| Use ability | 74 | |
1762 total
» units
| Peasant | 19 | |
| Footman | 8 | |
| Knight | 8 | |
| Rifleman | 8 | |
43 total
» upgrades
| Masonry | 3 | |
| Lumber Harvesting | 2 | |
| Plating | 3 | |
| Backpack | 1 | |
| Swords | 1 | |
| Animal War Training | 1 | |
| Long Rifles | 1 | |
| Gunpowder | 2 | |
| Armor | 2 | |
16 total
» buildings
| Farm | 8 | |
| Barracks | 5 | |
| Altar of Kings | 1 | |
| Lumber Mill | 1 | |
| Scout Tower | 1 | |
| Arcane Tower | 1 | |
| Keep | 1 | |
| Arcane Vault | 1 | |
| Castle | 1 | |
| Blacksmith | 1 | |
| Town Hall | 1 | |
22 total
» build order
00:09 Farm
00:11 Farm
00:23 Barracks
00:27 Altar of Kings
02:45 Lumber Mill
03:14 Scout Tower
03:31 Farm
03:45 Arcane Tower
04:50 Barracks
04:55 Farm
05:31 Keep
05:35 Arcane Vault
08:51 Castle
08:56 Blacksmith
11:46 Town Hall
12:00 Farm
12:01 Farm
19:09 Barracks
19:10 Barracks
19:14 Barracks
19:23 Farm
19:23 Farm
» items
| Boots of Speed | 2 | |
| Potion of Lesser Invulnerability | 1 | |
| Dust of Appearance | 1 | |
| Scroll of Regeneration | 2 | |
| Scroll of Town Portal | 6 | |
| Orb of Fire | 1 | |
| Potion of Mana | 1 | |
| Potion of Healing | 2 | |
16 total
I_LIVE_and_ObEY (
teal | 59 APM | 1640 actions | 27:41)
5 Shadow Hunter
2 Hex
2 Healing Wave
1 Serpent Ward
1 Tauren Chieftain
1 Shockwave
» actions
| Basic commands | 129 | |
| Build / train | 60 | |
| ESC pressed | 2 | |
| Enter build submenu | 22 | |
| Enter hero's abilities submenu | 8 | |
| Right click | 1057 | |
| Select / deselect | 319 | |
| Use ability | 43 | |
1640 total
» units
» upgrades
| Ranged Weapons | 3 | |
| Envenomed Spears | 1 | |
| Spiked Barricades | 1 | |
| Armor | 2 | |
| Reinforced Defenses | 1 | |
8 total
» buildings
| Stronghold | 1 | |
| Orc Burrow | 9 | |
| Beastiary | 2 | |
| Altar of Storms | 1 | |
| War Mill | 1 | |
| Fortress | 1 | |
| Watch Tower | 2 | |
17 total
» build order
00:37 Stronghold
01:14 Orc Burrow
03:47 Beastiary
03:53 Beastiary
04:06 Altar of Storms
04:30 Orc Burrow
05:07 War Mill
05:23 Orc Burrow
06:24 Orc Burrow
08:56 Orc Burrow
09:01 Orc Burrow
10:30 Fortress
10:34 Watch Tower
10:40 Orc Burrow
12:26 Watch Tower
15:18 Orc Burrow
15:23 Orc Burrow
» items
thegooseman666 (
pink | 21 APM | 531 actions | 25:15)
3 Firelord
2 Summon Lava Spawn
1 Incinerate
» actions
| Basic commands | 23 | |
| Build / train | 72 | |
| Enter build submenu | 25 | |
| Enter hero's abilities submenu | 3 | |
| Right click | 124 | |
| Select / deselect | 234 | |
| Use ability | 50 | |
531 total
» units
| Wisp | 26 | |
| Archer | 9 | |
| Druid of the Claw | 8 | |
| Dryad | 11 | |
| Hippogryph | 4 | |
58 total
» upgrades
| Strength of the Wild | 3 | |
| Reinforced Hides | 2 | |
| Druid of the Claw Training | 2 | |
| Mark of the Claw | 1 | |
8 total
» buildings
| Altar of Elders | 1 | |
| Moon Well | 9 | |
| Ancient of War | 1 | |
| Ancient of Wonders | 1 | |
| Hunter's Hall | 1 | |
| Tree of Ages | 1 | |
| Ancient Protector | 8 | |
| Tree of Life | 1 | |
| Ancient of Lore | 2 | |
| Tree of Eternity | 1 | |
| Ancient of Wind | 1 | |
27 total
» build order
00:17 Altar of Elders
00:22 Moon Well
01:19 Ancient of War
02:28 Moon Well
02:39 Moon Well
03:00 Ancient of Wonders
03:53 Hunter's Hall
04:40 Tree of Ages
05:02 Moon Well
06:02 Ancient Protector
08:05 Tree of Life
08:11 Ancient of Lore
08:41 Ancient of Lore
08:50 Ancient Protector
09:01 Tree of Eternity
10:18 Moon Well
11:28 Moon Well
13:00 Moon Well
14:58 Moon Well
17:01 Moon Well
17:08 Ancient of Wind
19:12 Ancient Protector
19:17 Ancient Protector
19:23 Ancient Protector
19:28 Ancient Protector
19:41 Ancient Protector
19:46 Ancient Protector
Chat log
(00:15 / Allies) Liko: ty
(00:34 / Allies) Liko: dk fiend frost fast expo
(00:42 / Allies) Newport.: thats game lol
(00:46 / Allies) Liko: gay
(01:10 / Allies) 28YearOldVirgin: wtf
(01:41 / Allies) never.win.never: wtf
(01:54 / Allies) Newport.: ill tp once i can
(04:50 / Allies) 28YearOldVirgin: lol maphacker?
(04:57 / All) 28YearOldVirgin: think he's maphacking?
(08:53 / Allies) 28YearOldVirgin: not lookin good
(11:29 / Allies) Newport.: tp
(11:31 / All) 28YearOldVirgin: lol
(11:41 / All) 28YearOldVirgin: rape and a half
(12:15 / Allies) never.win.never: ty
(12:41 / Allies) 28YearOldVirgin: nice single acolyte mine lol
(14:06 / Allies) 28YearOldVirgin: lol he's gonna rape your main next purple
(16:23 / Allies) Liko: spread
(16:24 / Allies) Liko: kill
(16:26 / Allies) Newport.: ctr?
(16:27 / Allies) Liko: gold
(16:34 / Allies) Liko: go
(16:35 / Allies) Liko: spread
(16:37 / Allies) Liko: ty
(17:13 / Allies) Newport.: back piurp
(17:19 / Allies) Newport.: tp
(17:23 / Allies) 28YearOldVirgin: lol purp goes to die
(17:26 / Allies) 28YearOldVirgin: that's what he does lol
(17:36 / Allies) 28YearOldVirgin: and he makes no apologies for it lol
(18:46 / All) Shadow303: my stupid fault
(18:48 / All) Shadow303: had 2k
(19:48 / Allies) never.win.never: back
(23:08 / All) Shadow303: gg
(23:09 / All) Shadow303: we lost
(23:12 / All) 28YearOldVirgin: pwnt
(23:15 / All) Shadow303: never going mk again
(23:17 / All) 28YearOldVirgin: 3v4 lol
(23:22 / All) Liko: lol
(23:52 / Allies) Newport.: check expos
(24:17 / Allies) Newport.: ty
(24:35 / Allies) Newport.: b
(24:55 / All) I_LIVE_and_ObEY: GG
(24:58 / All) I_LIVE_and_ObEY: i didn't know nigga
(25:17 / All) Shadow303: lack of co-op
(25:21 / All) Shadow303: and stupi team
(25:22 / All) Liko: 3v4
(25:23 / All) Shadow303: i had
(25:24 / All) 28YearOldVirgin: lol 3v4 losers
(25:29 / All) I_LIVE_and_ObEY: gg
(25:31 / All) Shadow303: that's all the problem was really
(25:31 / All) I_LIVE_and_ObEY: i'm elaving
(25:37 / All) Liko: #v4
(25:40 / All) Liko: 3v4
(25:43 / All) Liko: man
(25:46 / All) Liko: f'n oj
(25:51 / All) Shadow303: I went mk for teal air
(26:01 / All) Shadow303: but I got dumbed
(26:04 / All) Shadow303: dumped
(26:05 / All) Liko: ud king of rt
(26:11 / All) I_LIVE_and_ObEY: i was attacking and then he didn't want to attack when i had wyvs early
(26:25 / All) Liko: 4s on my back
(26:27 / All) Liko: carry all day
(26:42 / All) Newport.: a 7 and 2 6's lol
(26:48 / All) Liko: lol
(27:07 / Allies) Liko: stomp
(27:13 / Allies) Liko: hehe
(27:14 / Allies) Liko: love it